[ AOE2 MATCH · #506229380 ]
UnrankedMalay vs Bohemians
Player's team · LOSS
Rival team · WIN
[ REPLAY ANALYSIS · EXTRACTED FROM THE RECORDED GAME ]
Feudal
9:13
Castle
19:56
Imperial
—
| APM avg | 45.8 |
| APM peak | 94 |
| eAPM avg | 24.5 |
| Villagers / military | 98 / 29 |
Focus
⚔️ 34.8% · 🌾 65.2%
Mangonel ×10 · Archer ×8 · Karambit Warrior ×6 · Militia ×5
Feudal
12:13
Castle
16:48
Imperial
—
| APM avg | 49.0 |
| APM peak | 117 |
| eAPM avg | 18.6 |
| Villagers / military | 66 / 31 |
Focus
⚔️ 41.8% · 🌾 58.2%
Hussite Wagon ×17 · Monk ×9 · Militia ×3 · Petard ×2
Match map
Initial resources + every placement click. Lines = walls · curves = elevation contours. ◆ gold · ⬟ stone · ● berries · ✦ relic · ◌ wall gap
Your base· Open — 4t gap
Ghosty's base· ✓ Closed at 16:48 · 71t walls · 1 gate(s)
Smoothed initial terrain · ◌ = detected wall gap · hover for details
Inputs per minute
— Y - - Ghosty
Build order — Y
First 150 of 210 actions detected
| 0:00 | Create | Villager (Male) |
| 0:01 | Create | Villager (Male) |
| 0:02 | Build | House |
| 0:02 | Build | House |
| 0:18 | Create | Villager (Male) |
| 0:53 | Create | Villager (Male) |
| 1:26 | Create | Villager (Male) |
| 1:48 | Build | Lumber Camp |
| 1:56 | Create | Villager (Male) |
| 2:14 | Create | Villager (Male) |
| 2:43 | Create | Villager (Male) |
| 3:04 | Create | Villager (Male) |
| 3:36 | Create | Villager (Male) |
| 3:51 | Build | House |
| 4:02 | Create | Villager (Male) |
| 4:14 | Build | Mill |
| 4:28 | Create | Villager (Male) |
| 4:28 | Create | Villager (Male) |
| 4:31 | Create | Villager (Male) |
| 4:31 | Create | Villager (Male) |
| 5:10 | Create | Villager (Male) |
| 5:16 | Create | Villager (Male) |
| 5:54 | Create | Villager (Male) |
| 6:22 | Research | Loom |
| 6:24 | Build | House |
| 6:48 | Create | Villager (Male) |
| 6:49 | Create | Villager (Male) |
| 7:27 | Research | Feudal Age |
| 7:39 | Build | Barracks |
| 8:33 | Create | Militia |
| 8:33 | Create | Militia |
| 8:33 | Create | Militia |
| 8:35 | Create | Villager (Male) |
| 8:43 | Build | Mining Camp |
| 8:54 | Build | House |
| 9:13 | Age | Feudal Age |
| 9:36 | Create | Villager (Male) |
| 9:38 | Create | Militia |
| 9:40 | Build | Archery Range |
| 9:52 | Create | Villager (Male) |
| 9:55 | Research | Double-Bit Axe |
| 10:10 | Build | House |
| 10:27 | Create | Villager (Male) |
| 10:28 | Create | Archer |
| 10:55 | Create | Villager (Male) |
| 10:58 | Create | Villager (Male) |
| 11:13 | Create | Militia |
| 11:25 | Create | Archer |
| 11:26 | Create | Villager (Male) |
| 11:28 | Build | Farm |
| 11:47 | Research | Man-at-Arms (upgrade) |
| 11:49 | Create | Villager (Male) |
| 11:58 | Build | Farm |
| 12:03 | Build | House |
| 12:16 | Build | Farm |
| 12:20 | Build | Farm |
| 12:22 | Build | Farm |
| 12:24 | Create | Archer |
| 12:39 | Create | Villager (Male) |
| 12:48 | Create | Villager (Male) |
| 12:50 | Build | Blacksmith |
| 12:53 | Build | House |
| 12:59 | Build | Farm |
| 13:21 | Create | Villager (Male) |
| 13:24 | Build | Farm |
| 13:26 | Build | Farm |
| 13:31 | Build | House |
| 13:42 | Research | Fletching |
| 13:43 | Research | Fletching |
| 13:44 | Research | Arson |
| 13:52 | Build | Farm |
| 13:53 | Create | Villager (Male) |
| 14:01 | Build | House |
| 14:01 | Build | House |
| 14:02 | Build | House |
| 14:13 | Build | Stone Wall |
| 14:16 | Create | Archer |
| 14:19 | Create | Villager (Male) |
| 14:24 | Build | Stone Wall |
| 14:30 | Create | Villager (Male) |
| 14:38 | Build | Mining Camp |
| 14:40 | Build | Farm |
| 14:42 | Build | Farm |
| 14:51 | Build | Stone Wall |
| 14:57 | Create | Archer |
| 15:04 | Create | Villager (Male) |
| 15:05 | Create | Archer |
| 15:23 | Create | Archer |
| 15:23 | Create | Villager (Male) |
| 15:43 | Create | Villager (Male) |
| 16:12 | Create | Archer |
| 16:19 | Build | Market |
| 16:20 | Create | Villager (Male) |
| 16:22 | Build | Stone Wall |
| 16:58 | Create | Villager (Male) |
| 17:00 | Build | Farm |
| 17:01 | Build | Farm |
| 17:18 | Build | Farm |
| 17:30 | Create | Villager (Male) |
| 17:47 | Create | Villager (Male) |
| 17:56 | Build | Stone Wall |
| 18:04 | Research | Castle Age |
| 18:04 | Research | Castle Age |
| 18:36 | Build | Farm |
| 18:42 | Build | Lumber Camp |
| 18:55 | Build | Stone Wall |
| 19:08 | Create | Villager (Male) |
| 19:17 | Research | Stone Mining |
| 19:18 | Research | Gold Mining |
| 19:19 | Research | Horse Collar |
| 19:19 | Research | Horse Collar |
| 19:56 | Age | Castle Age |
| 19:57 | Build | Town Center |
| 20:00 | Create | Villager (Male) |
| 20:08 | Research | Bow Saw |
| 20:08 | Research | Bow Saw |
| 20:09 | Research | Bow Saw |
| 20:39 | Build | Siege Workshop |
| 20:40 | Create | Villager (Male) |
| 20:55 | Create | Villager (Male) |
| 21:06 | Create | Mangonel |
| 21:08 | Create | Villager (Male) |
| 21:09 | Create | Villager (Male) |
| 21:09 | Create | Villager (Male) |
| 21:13 | Build | Farm |
| 21:27 | Create | Villager (Male) |
| 21:33 | Build | Farm |
| 21:41 | Build | Farm |
| 21:47 | Create | Villager (Male) |
| 22:00 | Create | Villager (Male) |
| 22:05 | Create | Mangonel |
| 22:09 | Create | Villager (Male) |
| 22:20 | Create | Villager (Male) |
| 22:38 | Create | Villager (Male) |
| 22:39 | Create | Villager (Male) |
| 22:49 | Create | Villager (Male) |
| 22:50 | Create | Villager (Male) |
| 22:54 | Create | Mangonel |
| 22:59 | Create | Villager (Male) |
| 23:18 | Create | Villager (Male) |
| 23:37 | Build | Castle |
| 23:48 | Research | Bodkin Arrow |
| 24:03 | Create | Villager (Male) |
| 24:03 | Create | Villager (Male) |
| 24:07 | Build | Farm |
| 24:10 | Build | Farm |
| 24:20 | Build | Farm |
| 24:21 | Build | Farm |
| 24:21 | Create | Villager (Male) |
| 24:29 | Build | Lumber Camp |
Build order — Ghosty
First 150 of 172 actions detected
| 0:01 | Create | Villager (Male) ×4 |
| 0:02 | Build | House |
| 0:03 | Build | House |
| 1:24 | Create | Villager (Male) |
| 2:02 | Create | Villager (Male) |
| 2:19 | Build | Lumber Camp |
| 2:29 | Create | Villager (Male) |
| 2:44 | Create | Villager (Male) |
| 2:44 | Create | Villager (Male) |
| 3:06 | Create | Villager (Male) |
| 3:07 | Create | Villager (Male) |
| 3:35 | Create | Villager (Male) |
| 3:49 | Build | House |
| 4:12 | Create | Villager (Male) |
| 4:12 | Create | Villager (Male) |
| 4:54 | Create | Villager (Male) |
| 5:03 | Build | Barracks |
| 5:16 | Create | Villager (Male) |
| 5:30 | Create | Villager (Male) |
| 5:48 | Build | House |
| 5:54 | Create | Militia |
| 5:54 | Create | Militia |
| 5:59 | Create | Villager (Male) |
| 6:07 | Build | Palisade Wall |
| 6:25 | Create | Militia |
| 6:32 | Build | Palisade Wall |
| 6:34 | Build | Mill |
| 6:43 | Create | Villager (Male) |
| 6:55 | Build | House |
| 7:07 | Create | Villager (Male) |
| 7:14 | Create | Villager (Male) |
| 7:21 | Build | Palisade Wall |
| 7:38 | Create | Villager (Male) |
| 7:53 | Build | Palisade Wall |
| 7:59 | Build | Palisade Wall |
| 8:12 | Research | Loom |
| 8:12 | Create | Villager (Male) |
| 8:43 | Create | Villager (Male) |
| 8:53 | Build | Palisade Wall |
| 8:54 | Build | Palisade Wall |
| 8:55 | Build | Palisade Wall |
| 9:38 | Create | Villager (Male) |
| 9:41 | Build | Mining Camp |
| 9:54 | Research | Feudal Age |
| 9:54 | Research | Feudal Age |
| 10:14 | Build | House |
| 10:15 | Build | Palisade Wall |
| 10:28 | Build | Farm |
| 10:29 | Build | Farm |
| 10:46 | Build | Farm |
| 11:15 | Build | Mining Camp |
| 11:27 | Create | Villager (Male) |
| 11:28 | Create | Villager (Male) |
| 11:43 | Build | Farm |
| 12:13 | Age | Feudal Age |
| 12:23 | Build | Market |
| 12:38 | Build | Blacksmith |
| 12:42 | Build | Stone Wall |
| 12:44 | Build | Stone Wall |
| 12:51 | Create | Villager (Male) |
| 13:01 | Build | Palisade Wall |
| 13:02 | Build | Stone Wall |
| 13:04 | Build | Stone Wall |
| 13:09 | Create | Villager (Male) |
| 13:20 | Build | Stone Wall |
| 13:23 | Build | Stone Wall |
| 13:33 | Build | Gate |
| 13:36 | Build | Stone Wall |
| 13:42 | Build | Farm |
| 13:44 | Build | Farm |
| 14:08 | Research | Castle Age |
| 14:21 | Build | Stone Wall |
| 15:16 | Research | Double-Bit Axe |
| 15:29 | Build | House |
| 15:31 | Build | Stone Wall |
| 15:39 | Build | House |
| 15:54 | Build | Stone Wall |
| 15:58 | Build | Stone Wall |
| 16:07 | Build | Stone Wall |
| 16:29 | Build | Stone Wall |
| 16:32 | Build | Stone Wall |
| 16:47 | Build | House |
| 16:48 | Age | Castle Age |
| 16:53 | Create | Villager (Male) |
| 17:01 | Build | Castle |
| 17:14 | Build | Stone Wall |
| 18:25 | Create | Hussite Wagon |
| 18:30 | Create | Villager (Male) |
| 18:31 | Create | Hussite Wagon |
| 18:42 | Create | Villager (Male) |
| 19:11 | Create | Hussite Wagon |
| 19:12 | Create | Hussite Wagon |
| 19:17 | Create | Villager (Male) |
| 19:43 | Create | Hussite Wagon |
| 19:47 | Create | Villager (Male) |
| 19:48 | Create | Villager (Male) |
| 20:18 | Create | Villager (Male) |
| 20:18 | Create | Villager (Male) |
| 20:19 | Create | Villager (Male) |
| 20:54 | Build | Castle |
| 20:56 | Create | Villager (Male) |
| 21:28 | Build | Castle |
| 21:32 | Create | Villager (Male) |
| 21:32 | Create | Villager (Male) |
| 21:34 | Build | Farm |
| 21:36 | Create | Hussite Wagon |
| 21:36 | Create | Hussite Wagon |
| 21:37 | Create | Hussite Wagon |
| 21:55 | Build | Mining Camp |
| 21:57 | Create | Villager (Male) |
| 22:01 | Build | Farm |
| 22:24 | Build | Monastery |
| 22:27 | Build | Monastery |
| 22:30 | Create | Villager (Male) |
| 22:52 | Create | Villager (Male) |
| 22:52 | Create | Villager (Male) |
| 23:00 | Create | Hussite Wagon |
| 23:08 | Build | Outpost |
| 23:10 | Create | Monk |
| 23:17 | Build | Monastery |
| 23:23 | Create | Villager (Male) |
| 23:23 | Create | Villager (Male) |
| 23:38 | Create | Hussite Wagon |
| 23:51 | Research | Fervor |
| 24:09 | Create | Petard |
| 24:34 | Create | Petard |
| 24:50 | Research | Redemption |
| 24:53 | Create | Hussite Wagon |
| 24:53 | Create | Hussite Wagon |
| 25:00 | Build | Mining Camp |
| 25:02 | Create | Villager (Male) |
| 25:16 | Create | Villager (Male) |
| 25:22 | Research | Sanctity |
| 25:23 | Research | Sanctity |
| 25:39 | Create | Monk |
| 25:56 | Create | Monk |
| 26:16 | Create | Villager (Male) |
| 26:38 | Create | Hussite Wagon |
| 26:38 | Create | Hussite Wagon |
| 27:01 | Create | Villager (Male) |
| 27:05 | Create | Hussite Wagon |
| 27:40 | Create | Villager (Male) |
| 27:55 | Create | Hussite Wagon |
| 28:03 | Create | Villager (Male) |
| 28:27 | Create | Villager (Male) |
| 28:41 | Create | Hussite Wagon |
| 28:51 | Create | Villager (Male) |
| 28:59 | Create | Monk |
| 28:59 | Create | Monk |
| 29:10 | Build | Monastery |
Match timeline
| 5:03 | Ghosty · first_building Barracks |
| 6:07 | Ghosty · wall_segment Palisade Wall x6 |
| 6:32 | Ghosty · wall_segment Palisade Wall x1 |
| 7:21 | Ghosty · wall_segment Palisade Wall x5 |
| 7:39 | Y · first_building Barracks |
| 7:53 | Ghosty · wall_segment Palisade Wall x5 |
| 7:59 | Ghosty · wall_segment Palisade Wall x10 |
| 8:53 | Ghosty · wall_segment Palisade Wall x9 |
| 8:54 | Ghosty · wall_segment Palisade Wall x1 |
| 8:55 | Ghosty · wall_segment Palisade Wall x1 |
| 9:13 | Y · age_up feudal |
| 9:40 | Y · first_building Archery Range |
| 10:15 | Ghosty · wall_segment Palisade Wall x1 |
| 12:13 | Ghosty · age_up feudal |
| 12:42 | Ghosty · wall_segment Stone Wall x1 |
| 12:44 | Ghosty · wall_segment Stone Wall x8 |
| 13:01 | Ghosty · wall_segment Palisade Wall x1 |
| 13:02 | Ghosty · wall_segment Stone Wall x1 |
| 13:04 | Ghosty · wall_segment Stone Wall x1 |
| 13:20 | Ghosty · wall_segment Stone Wall x1 |
| 13:23 | Ghosty · wall_segment Stone Wall x1 |
| 13:36 | Ghosty · wall_segment Stone Wall x1 |
| 13:57 | Ghosty · first_market_sell 100 stone |
| 14:01 | Ghosty · first_market_buy 100 food |
| 14:13 | Y · wall_segment Stone Wall x11 |
| 14:21 | Ghosty · wall_segment Stone Wall x3 |
| 14:24 | Y · wall_segment Stone Wall x8 |
| 14:51 | Y · wall_segment Stone Wall x8 |
| 15:31 | Ghosty · wall_segment Stone Wall x1 |
| 15:54 | Ghosty · wall_segment Stone Wall x4 |
| 15:58 | Ghosty · wall_segment Stone Wall x3 |
| 16:07 | Ghosty · wall_segment Stone Wall x10 |
| 16:22 | Y · wall_segment Stone Wall x5 |
| 16:29 | Ghosty · wall_segment Stone Wall x1 |
| 16:32 | Ghosty · wall_segment Stone Wall x1 |
| 16:48 | Ghosty · age_up castle |
| 17:01 | Ghosty · first_building Castle |
| 17:14 | Ghosty · wall_segment Stone Wall x1 |
| 17:49 | Y · first_market_sell 100 wood |
| 17:50 | Y · first_market_buy 100 food |
| 17:56 | Y · wall_segment Stone Wall x5 |
| 18:55 | Y · wall_segment Stone Wall x1 |
| 19:56 | Y · age_up castle |
| 20:39 | Y · first_building Siege Workshop |
| 22:24 | Ghosty · first_building Monastery |
| 23:37 | Y · first_building Castle |
| 31:18 | Ghosty · first_building Siege Workshop |
| 32:29 | Y · resign |
[ AI ANALYSIS · 1 CREDIT ]
What really happened in this match?
Wolo.gg analyzes every decision: build order, eco, micro, common mistakes by bracket. Personalized analysis on WhatsApp or Discord in 30 seconds.
Civ guide
Malay
Perfil
Jugador #1016523